 Dungeon Crawl Stone Soup version 0.29-a0-542-g075992c915 (webtiles) character file.

Game seed: 17789134600019179939

33 NateTC the Digger (level 3, -3/19 HPs)
             Began as a Gargoyle Earth Elementalist on June 4, 2022.
             Slain by a worm (5 damage)
             ... on level 2 of the Dungeon.
             The game lasted 00:02:50 (1210 turns).

NateTC the Digger (Gargoyle Earth Elementalist)     Turns: 1210, Time: 00:02:50

Health: -3/19      AC:  5    Str: 11    XL:     3   Next: 29%
Magic:  0/6        EV: 11    Int: 17    God:
Gold:   21         SH:  0    Dex: 10    Spells: 2/6 levels left

rFire   . . .      SeeInvis .   (no weapon)
rCold   . . .      Faith    .   (no shield)
rNeg    + . .      Spirit   .   b - +0 robe
rPois   ∞          Reflect  .   (no helmet)
rElec   +          Harm     .   (no cloak)
rCorr   .          Rampage  .   (no gloves)
Will    .....                   (no boots)
Stlth   ++........              (no amulet)
HPRegen 0.06/turn               (no ring)
MPRegen 0.10/turn               (no ring)

@: no status effects
A: sickness immunity, AC +3, negative energy resistance 1, electricity
resistance, torment resistance 1, petrification resistance
a: no special abilities


You were on level 2 of the Dungeon.
You visited 1 branch of the dungeon, and saw 2 of its levels.

You collected 21 gold pieces.

Inventory:

Armour
 b - a +0 robe (worn)
Potions
 a - a potion of mutation {unknown}
 c - a potion of magic


   Skills:
 - Level 1.5 Dodging
 - Level 2.1 Stealth
 + Level 2.3 Spellcasting
 * Level 1.8 Conjurations
 - Level 0.7 Transmutations
 * Level 4.3 Earth Magic


You had 2 spell levels left.
You knew the following spells:

 Your Spells              Type           Power      Damage    Failure   Level
a - Sandblast             Erth           32%        2d9       3%          1
b - Stone Arrow           Conj/Erth      24%        3d8       16%         3

Your spell library contained the following spells:

 Spells                   Type           Power      Damage    Failure   Level
 Passwall                 Tmut/Erth      8%         N/A       10%         2
 Petrify                  Tmut/Erth      10%        N/A       54%         4


Dungeon Overview and Level Annotations

Branches:
Dungeon (2/15)

Altars:


Innate Abilities, Weirdness & Mutations

You are immune to sickness and miasma.
Your stone body is resilient. (AC +3)
You are immune to poison.
You resist negative energy. (rN+)
You are resistant to electric shocks. (rElec)
You are resistant to unholy torment.
You are immune to petrification.


Message History

The ball python grabs you. The ball python constricts you.
You hit the ball python.
You kill the ball python!
You start resting.
HP restored.
You start resting.
Magic restored.
There is a stone staircase leading down here.
You climb downwards.
The worm bites you but does no damage.
There is a stone staircase leading up here.
The spell is extremely dangerous to miscast (16% risk of failure)!
Continue anyway?
You miscast Stone Arrow.
You are very lightly contaminated with residual magic.
Nothing appears to happen.
The worm bites you.
The spell is extremely dangerous to miscast (16% risk of failure)!
Continue anyway?
The stone arrow hits the worm!
The worm is moderately wounded.
Unknown command.
You hit the worm.
The worm is heavily wounded.
The worm closely misses you.
You hit the worm.
The worm is heavily wounded.
The worm bites you.
You hit the worm.
The worm is heavily wounded.
You hit the worm.
The worm is severely wounded.
The worm bites you.
You barely miss the worm.
The worm is severely wounded.
You barely miss the worm.
The worm is severely wounded.
The worm bites you.
* * * LOW HITPOINT WARNING * * *
Your magical contamination has completely faded away.
You hit the worm.
The worm is severely wounded.
The worm bites you.
You die...

# #.#
#.#####..#
#....@w.#
#######..#
..# ##


You could see a worm.

Vanquished Creatures
  A dart slug (D:1)
  4 ball pythons (D:1)
  3 bats (D:1)
  3 endoplasms (D:1)
  2 giant cockroaches (D:1)
  2 goblins (D:1)
  3 hobgoblins (D:1)
  3 kobolds (D:1)
  2 quokkas (D:1)
  2 frilled lizards (D:1)
  3 rats (D:1)
28 creatures vanquished.

Notes
Turn   | Place    | Note
-------+----------+-------------------------------------------
     0 | D:1      | NateTC the Gargoyle Earth Elementalist began the quest for
                  | the Orb.
     0 | D:1      | Reached XP level 1. HP: 10/10 MP: 3/3
   188 | D:1      | Reached XP level 2. HP: 15/15 MP: 3/5
   225 | D:1      | Reached skill level 1 in Conjurations
   318 | D:1      | Reached skill level 4 in Earth Magic
   438 | D:1      | Found a faded altar of an unknown god.
   824 | D:1      | Reached XP level 3. HP: 18/19 MP: 4/6
   926 | D:1      | Learned a level 3 spell: Stone Arrow
  1210 | D:2      | Slain by a worm

Illustrated notes

Levels and vault maps discovered:
D:1:      sevenhm_arrival_forest_fort_small_4, layout_basic,
          basic_ecumenical_altar, chequers_serial_rivers_micro_a
D:2:      layout_loops_ring, minmay_crystal_water, kennysheep_generic_room_7

Skill      XL: |  1  2 |
---------------+-------+-----
Conjurations   | 1 |  1.8
Earth Magic    | 4 |  4.3
Dodging        | |  1.5
Stealth        | |  2.1
Spellcasting   | |  2.3
Transmutations | |  0.7

Action                   || total
-------------------------++-------
Melee: Unarmed           ||    18
       Punch             ||     1
 Cast: Sandblast         ||    30
       Stone Arrow       ||     3
  Use: Scroll            ||     3
Armor: Robe              ||     4
Dodge: Dodged            ||    17

Table legend: (Time is in decaauts)
 A = Elapsed time spent in this place.
 B = Non-inter-level travel time spent in this place.
 C = Inter-level travel time spent in this place.
 D = Time resting spent in this place.
 E = Time spent auto-exploring this place.
 F = Levels seen in this place.
 G = Mean time per level.
                   A        B        C        D        E       F      G
               +--------+--------+--------+--------+--------+-----+--------+
         Total |   1211 |   1202 |      9 |     56 |    955 |   2 |  605.5 |
       Dungeon |   1211 |   1202 |      9 |     56 |    955 |   2 |  605.5 |
               +--------+--------+--------+--------+--------+-----+--------+

Top non-repeatable levels by time:
     D:1: 1198 daAuts
     D:2: 13 daAuts
